AoeStats
← chewie1706

Arena

507660568Analyzed
3v3 RM · 12d ago on Sep 19, 2026· 51m 31s· 6 players
Game mode
Random Map
Map size
Normal (6 player)
Population
200
Speed
Normal
Resources
Standard
Victory
Conquest
Starting age
Dark Age
Ending age
Imperial Age
RankedLock teamsTeams togetherTeam positionsShared explorationLock speedFull tech treeHidden civsTurbo modeCheats
Victory
Defeat
🇹🇼 Celts · Taiwan
1499
+14
🇩🇪 Burmese · Germany
1490
+14
🇲🇽 Poles · Mexico
1478
+15
🇫🇷 Georgians · France
1513
-16
🇫🇷 Malay · France
1465
-15
🇨🇭 Lithuanians · Switzerland
1385
-12
_BeTo_
10:43 Feudal Age
12:21 Loom
14:40 Castle Age
13:01 Horse Collar
14:27 Double-Bit Axe
14:50 Light Cavalry
18:26 Fervor
23:04 Stone Mining
25:28 Loom
28:25 Imperial Age
26:05 Heavy Plow
26:17 Bow Saw
26:15 Gold Mining
27:31 Wheelbarrow
27:13 Fletching
26:48 Crossbowman
27:25 Loom
28:04 Bodkin Arrow
28:32 Ballistics
29:30 Conscription
29:13 Bracer
30:16 Chemistry
29:25 Thumb Ring
29:07 Arbalester
29:58 Treadmill Crane
31:05 Crop Rotation
31:47 Hand Cart
32:01 Padded Archer Armor
33:39 Leather Archer Armor
34:16 Bloodlines
34:06 Husbandry
34:12 Scale Barding Armor
34:19 Winged Hussar
35:27 Chain Barding Armor
36:18 Forging
39:12 Iron Casting
40:45 Szlachta Privileges
42:24 Blast Furnace
42:45 Lechitic Legacy
43:56 Cavalier
44:48 Town Watch
45:15 Masonry
45:11 Siege Engineers
45:01 Murder Holes
48:08 Hoardings
48:15 Stone Shaft Mining
47:55 Fortified Wall
hermelin*?
10:01 Feudal Age
15:14 Castle Age
13:39 Horse Collar
16:23 Heavy Plow
21:31 Wheelbarrow
20:42 Loom
21:56 Fervor
23:10 Town Watch
23:56 Stone Mining
26:45 Hand Cart
27:36 Fortified Wall
30:53 Imperial Age
28:14 Pikeman
28:55 Squires
28:56 Scale Mail Armor
29:07 Forging
29:11 Gambesons
31:17 Iron Casting
31:09 Chain Mail Armor
31:03 Halberdier
32:59 Blast Furnace
32:08 Arson
32:46 Man-at-Arms
33:57 Plate Mail Armor
33:36 Gold Mining
35:17 Chemistry
33:57 Long Swordsman
35:04 Two-Handed Swordsman
35:10 Capped Ram
36:48 Conscription
36:30 Champion
37:52 Scale Barding Armor
37:54 Manipur Cavalry
37:55 Howdah
37:52 Elite Battle Elephant
38:33 Husbandry
38:43 Bloodlines
38:28 Fletching
38:59 Chain Barding Armor
38:54 Masonry
40:33 Plate Barding Armor
40:32 Fletching
40:43 Padded Archer Armor
45:25 Bodkin Arrow
45:52 Ballistics
46:04 Architecture
45:14 Treadmill Crane
49:14 Coinage
48:55 Guilds
49:19 Crop Rotation
elmor
8:56 Loom
11:18 Feudal Age
13:45 Fletching
19:10 Castle Age
17:16 Double-Bit Axe
17:28 Horse Collar
22:58 Scale Mail Armor
24:32 Gold Mining
25:01 Bow Saw
28:34 Pikeman
29:41 Chain Mail Armor
29:25 Bodkin Arrow
31:43 Chain Mail Armor
36:56 Wheelbarrow
42:55 Heavy Plow
46:31 Imperial Age
45:42 Forging
47:39 Iron Casting
47:35 Hand Cart
46:43 Halberdier
47:58 Plate Mail Armor
49:13 Guilds
50:34 Blast Furnace
51:23 Onager
51:26 Capped Ram
Eras Mousse
8:38 Feudal Age
8:31 Double-Bit Axe
8:41 Horse Collar
12:43 Wheelbarrow
16:57 Castle Age
15:26 Gold Mining
16:24 Scale Barding Armor
17:27 Forging
20:32 Iron Casting
22:08 Husbandry
25:02 Devotion
31:09 Loom
31:35 Bow Saw
36:11 Imperial Age
38:43 Blast Furnace
39:03 Elite Battle Elephant
41:15 Town Watch
43:58 Chemistry
AGS.Grimnel
11:19 Feudal Age
15:12 Castle Age
18:14 Wheelbarrow
18:44 Double-Bit Axe
19:46 Horse Collar
20:47 Loom
22:44 Bow Saw
22:36 Town Watch
29:25 Imperial Age
27:14 Hand Cart
27:52 Heavy Plow
27:45 Gold Mining
28:27 Scale Barding Armor
28:32 Forging
28:18 Fletching
28:28 Padded Archer Armor
29:18 Ballistics
29:11 Bodkin Arrow
29:07 Crossbowman
29:52 Thumb Ring
30:06 Leather Archer Armor
29:59 Elite Skirmisher
30:40 Bracer
30:44 Scale Mail Armor
30:54 Forging
30:14 Pikeman
32:35 Two-Man Saw
32:58 Chemistry
32:22 Conscription
34:08 Ring Archer Armor
34:39 Masonry
35:28 Chain Mail Armor
35:48 Iron Casting
35:45 Squires
35:05 Halberdier
41:28 Tower Shields
chewie1706
5:03 Loom
7:41 Feudal Age
8:19 Double-Bit Axe
10:55 Fletching
12:46 Horse Collar
17:23 Wheelbarrow
17:19 Town Watch
22:13 Castle Age
22:11 Gold Mining
23:23 Bow Saw
23:16 Heavy Plow
32:07 Imperial Age
30:43 Bodkin Arrow
32:24 Crossbowman
33:12 Bracer
33:13 Padded Archer Armor
34:08 Padded Archer Armor
34:45 Conscription
35:49 Leather Archer Armor
39:13 Chemistry
38:37 Ballistics
41:16 Scale Mail Armor
41:26 Forging
41:02 Pikeman
41:42 Squires
41:28 Arson
42:24 Chain Mail Armor
43:26 Iron Casting
42:13 Halberdier
44:34 Plate Mail Armor
48:00 Blast Furnace
47:41 Hand Cart
47:59 Crop Rotation
49:15 Siege Engineers
49:29 Capped Ram
50:20 Siege Ram
Connection lost

Rejoining the realm…

Still unreachable

The connection could not be restored.

Session expired

The server has moved on; the page needs a fresh start.